 Dungeon Crawl Stone Soup version 0.30-a0-439-g9e77e4d916 (webtiles) character file.

Game seed: 7671225316998284551

193805 Jaakounette the Acrobat (level 17, -1/99 HPs)
             Began as a Spriggan Brigand on Dec 10, 2022.
             Was the Champion of Dithmenos.
             Hit by a catoblepas thrown by Polyphemus (3 damage)
             ... while petrified by a catoblepas
             ... on level 3 of the Shoals.
             The game lasted 01:15:58 (33192 turns).

Jaakounette the Acrobat (Spriggan Brigand)         Turns: 33192, Time: 01:15:58

Health: -1/99      AC:  9    Str:  7    XL:     17   Next: 65%
Magic:  18/18      EV:  4    Int: 12    God:    Dithmenos [******]
Gold:   3394       SH:  0    Dex: 31    Spells: 16/16 levels left

rFire   . . .      SeeInvis +    A - +8 rapier (drain)
rCold   . . .      Faith    .    K - +0 buckler {reflect}
rNeg    + + +      Spirit   .    I - +3 troll leather armour
rPois   ∞          Reflect  +    P - +2 hat
rElec   .          Harm     .    S - scarf {shadows}
rCorr   .          Rampage  .    (gloves unavailable)
Will    ++...                    (boots unavailable)
Stlth   ++++......               (no amulet)
HPRegen 1.16/turn                F - +4 ring of slaying
MPRegen 0.16/turn                y - +6 ring of dexterity

@: petrified, wreathed by umbra, slow
A: very small, no large weapons, unfitting armour, see invisible, speed 3
}: 1/15 runes: serpentine
a: Renounce Religion, Shadow Step, Shadow Form


You were on level 3 of the Shoals.
You worshipped Dithmenos.
Dithmenos was exalted by your worship.
You visited 5 branches of the dungeon, and saw 29 of its levels.

You collected 3394 gold pieces.

Inventory:

Hand Weapons
 a - a +2 dagger
 l - a +2 quick blade of venom
 x - a +5 dagger
 A - a +8 rapier of draining (weapon)
 H - a +2 dagger of venom
 W - a +0 shortbow
Missiles
 d - 16 poisoned darts (quivered)
 e - 2 curare-tipped darts
 E - 3 throwing nets
Armour
 b - a +1 robe
 n - a +2 animal skin
 I - a +3 troll leather armour (worn)
 K - a +0 buckler of reflection (worn)
 P - a +2 hat (worn)
 S - a scarf of shadows (worn)
Jewellery
 m - a ring of poison resistance
 p - a +6 ring of dexterity
 q - a +6 ring of strength
 w - an amulet of the acrobat
 y - a +6 ring of dexterity (right hand)
 F - a +4 ring of slaying (left hand)
 G - a ring of flight
 M - a ring of protection from cold
 Y - a ring of protection from fire
Wands
 r - a wand of mindburst (8)
 t - a wand of digging (5)
 v - a wand of iceblast (21)
 B - a wand of light (9)
 C - a wand of polymorph (35)
 D - a wand of flame (71)
 N - a wand of paralysis (8)
Scrolls
 c - 2 scrolls of fear
 h - 8 scrolls of noise
 i - 6 scrolls of teleportation
 j - 6 scrolls of vulnerability
 o - 5 scrolls of magic mapping
 u - 2 scrolls of identify
 L - 3 scrolls of poison
 Q - 3 scrolls of silence
 T - 3 scrolls of butterflies
 Z - a scroll of enchant armour
Potions
 f - a potion of haste
 g - 3 potions of flight
 k - 10 potions of curing
 s - a potion of heal wounds
 J - 3 potions of cancellation
 O - a potion of ambrosia
 R - 4 potions of might
 U - a potion of invisibility
 V - 3 potions of lignification
 X - 3 potions of berserk rage
Miscellaneous
 z - a box of beasts


   Skills:
 * Level 15.5 Fighting
 * Level 19.9 Short Blades
 - Level 2.1 Throwing
 - Level 2.1 Armour
 * Level 24.6 Dodging
 - Level 6.0 Stealth
 - Level 1.5 Shields


You had 16 spell levels left.
You didn't know any spells.
Your spell library contained the following spells:

 Spells                   Type           Power      Damage    Failure   Level
 Apportation              Tloc           0%         N/A       71%         1
 Kiss of Death            Conj/Necr      0%         2d5       71%         1
 Necrotise                Necr           0%         1d4       71%         1
 Summon Small Mammal      Summ           0%         N/A       71%         1
 Ensorcelled Hibernation  Hex/Ice        0%         N/A       85%         2
 Passwall                 Tmut/Erth      0%         N/A       85%         2
 Confusing Touch          Hex            0%         N/A       97%         3
 Frozen Ramparts          Ice            0%         1d1       97%         3
 Ignite Poison            Fire/Tmut/Pois 0%         N/A       97%         3
 Kindle Blastsparks       Fire/Tloc/Air  0%         2d10      97%         3
 Ozocubu's Armour         Ice            0%         N/A       97%         3
 Stone Arrow              Conj/Erth      0%         3d7       97%         3
 Summon Guardian Golem    Hex/Summ       0%         N/A       97%         3
 Swiftness                Air            0%         N/A       97%         3
 Vampiric Draining        Necr           0%         2d6       97%         3
 Animate Armour           Summ/Erth      0%         N/A       100%        4
 Animate Dead             Necr           0%         N/A       100%        4
 Dispel Undead            Necr           0%         3d6       100%        4
 Ice Form                 Ice/Tmut       0%         N/A       100%        4
 Leda's Liquefaction      Hex/Erth       0%         N/A       100%        4
 Sticky Flame             Conj/Fire      0%         2d3       100%        4
 Summon Ice Beast         Ice/Summ       0%         N/A       100%        4
 Alistair's Intoxication  Tmut/Pois      0%         N/A       100%        5
 Blade Hands              Tmut           0%         N/A       100%        5
 Borgnjor's Vile Clutch   Necr/Erth      0%         N/A       100%        5
 Freezing Cloud           Conj/Ice/Air   0%         6-21      100%        5
 Irradiate                Conj/Tmut      0%         3d11      100%        5
 Lee's Rapid Deconstruct  Erth           0%         3d4*      100%        5
 Metabolic Englaciation   Hex/Ice        0%         N/A       100%        5
 Eringya's Noxious Bog    Tmut/Pois      0%         N/A       100%        6
 Iron Shot                Conj/Erth      0%         9d1       100%        6
 Simulacrum               Ice/Necr       0%         N/A       100%        6
 Statue Form              Tmut/Erth      0%         N/A       100%        6
 Dragon Form              Tmut           0%         N/A       100%        7
 Orb of Destruction       Conj           0%         9d5       100%        7
 Spellforged Servitor     Conj/Summ      0%         N/A       100%        7
 Ignition                 Fire           0%         3d3       100%        8
 Lehudib's Crystal Spear  Conj/Erth      0%         10d2      100%        8
 Chain Lightning          Conj/Air       0%         N/A       100%        9
 Fire Storm               Conj/Fire      0%         5d1       100%        9
 Shatter                  Erth           0%         3d5*      100%        9


Dungeon Overview and Level Annotations

Branches:
Dungeon (15/15)            Temple (1/1) D:5            Lair (5/5) D:9
 Shoals (4/4) Lair:3        Snake (4/4) Lair:3        Slime (0/5) Lair:4
    Orc (0/2) D:10         Vaults (0/5) D:13         Depths (0/4) D:15

Altars:
Ashenzari
Cheibriados
Dithmenos
Elyvilon
Fedhas
Gozag
Hepliaklqana
Kikubaaqudgha
Makhleb
Nemelex Xobeh
Okawaru
Ru
Sif Muna
Trog
Vehumet
Wu Jian
Yredelemnul
Zin
The Shining One

Shops:
D:9 =   Shoals:1 :

Portals:
Trove: D:13 (give 13 potions of heal wounds)

Annotations:
D:10 1 runed translucent door
D:12 1 runed translucent door
Shoals:3 Polyphemus
Shoals:4 Ilsuiw


Innate Abilities, Weirdness & Mutations

You are very small and have problems with some larger weapons.
You are too small for most types of armour.
You have supernaturally acute eyesight. (SInv)
You cover ground extremely quickly. (Speed+++)


Message History

The death yak looks frightened!
You are engulfed in calcifying dust.
You are slowing down.
The catoblepas breathes a plume of calcifying dust at you.
The blast of calcifying dust hits you. Polyphemus misses you.
Polyphemus hits you!
You enter the shallow water.
Moving in this stuff is going to be slow.
Polyphemus throws a large rock.
You reflect the large rock off your +0 buckler of reflection!
The large rock hits Polyphemus!!
Your limbs are stiffening.
You feel better.
Polyphemus throws a large rock.
The large rock completely misses you.
The catoblepas breathes a plume of calcifying dust at you.
The blast of calcifying dust hits you but does no damage.
Polyphemus throws a large rock.
The large rock misses you.
You have turned to stone.
Polyphemus throws the catoblepas at you!
The catoblepas breathes a plume of calcifying dust at you.
The blast of calcifying dust hits you but does no damage.
The catoblepas breathes a plume of calcifying dust at you.
The blast of calcifying dust hits you.
The catoblepas seems to regain its courage.
Polyphemus hits you! x2
The catoblepas breathes a plume of calcifying dust at you.
The blast of calcifying dust hits you.
You are engulfed in calcifying dust.
Polyphemus hits you!
* * * LOW HITPOINT WARNING * * *
You emit a cloud of dark smoke.
Polyphemus hits you but does no damage. The catoblepas gores you.
* * * LOW HITPOINT WARNING * * *
You are engulfed in calcifying dust.
Polyphemus hits you!!
* * * LOW HITPOINT WARNING * * *
You emit a cloud of dark smoke.
Polyphemus hits you!
* * * LOW HITPOINT WARNING * * *
The catoblepas gores you!
* * * LOW HITPOINT WARNING * * *
You are engulfed in calcifying dust.
Polyphemus throws the catoblepas at you!
You die...

~~~~~~~~~....
.~~~~~~~~~.§~~m.
....~~~~....~~...
...§~~~..§...~...
~...§§§.~.Y....# #..
~...§§§~§§##..# ##.~~
~~~.§§@C§§P...# #....~
~~~~§Y§§§§P..># #..~~~
~~~~§§§§Y§....####.~~~~
~~~P†~~§§§§.....#....~~
~P≈≈P~~PPP.P.P....m.mC.
P~P≈≈P~~P~..~..........
~≈≈≈≈≈≈~~P~~........~~.
≈≈≈≈≈≈≈≈~~~~~.##..###.~.
≈≈≈≈≈≈≈≈≈≈~~~..##≈.# ...


You could see Polyphemus, 2 death yaks and a catoblepas (drained).

Vanquished Creatures
  Vashnia (Snake:1)
  Mlioglotl (Snake:3)
  Rupert (D:12)
  Jorgrun (Snake:3)
  Kirke (D:14)
  2 stone giants (Shoals:1)
  5 merfolk impalers
  2 merfolk javelineers
  5 vault guards (D:13)
  2 ogre magi
  4 hydras
  4 salamander tyrants
  A catoblepas (Lair:5)
  2 merfolk avatars
  10 centaur warriors
  10 anacondas
  9 two-headed ogres
  7 naga warriors
  A merfolk aquamancer (Shoals:2)
  A satyr (Shoals:2)
  4 boulder beetles
  10 death yaks
  A tengu warrior (D:10)
  A deep troll shaman (Lair:5)
  10 shock serpents
  14 naga sharpshooters
  6 salamander mystics
  Amaemon (Lair:1)
  5 skeletal warriors (D:14)
  6 sea snakes
  9 naga ritualists
  17 harpies
  3 lindwurms (Snake:4)
  8 deep elf pyromancers
  A wizard (D:13)
  A deep elf archer (D:13)
  A wolf spider (D:15)
  An orc knight (D:15)
  13 mana vipers
  An ugly thing (D:12)
  4 oklob plants (Lair:4)
  13 manticores
  8 fauns
  13 cyclopes
  24 salamanders
  4 elephants (Lair:5)
  2 water nymphs (Shoals:1)
  2 merfolk sirens
  Joseph (D:7)
  6 guardian serpents (Snake:4)
  18 naga magi
  29 black mambas
  10 cane toads
  An orange demon (Lair:1)
  An unseen horror (D:12)
  2 kobold demonologists (D:12)
  2 yaktaurs (D:13)
  12 rime drakes
  An efreet (D:14)
  21 merfolk
  7 komodo dragons
  2 freezing wraiths
  3 trolls
  2 slime creatures (D:15)
  3 meliai
  Grinder (D:6)
  A hornet (D:4)
  4 wind drakes
  A polar bear (Lair:3)
  11 dream sheep
  12 snapping turtles
  Sigmund (D:6)
  3 shadows
  5 water elementals
  10 wyverns
  33 yaks
  2 wraiths (D:9)
  Grum (D:8)
  4 basilisks
  3 vampire mosquitoes (D:12)
  A redback (shapeshifter) (D:15)
  33 nagas
  A warg (D:15)
  9 water moccasins
  3 black bears
  6 orc warriors
  3 ogres
  An ice beast (D:6)
  19 centaurs
  7 wolves
  A phantom (D:5)
  Blork the orc (D:5)
  A kobold brigand (D:6)
  11 bullfrogs
  A gnoll sergeant (D:10)
  5 scorpions
  3 killer bees (D:7)
  3 howler monkeys
  A lava snake (D:13)
  4 hounds
  6 orc priests
  2 gnoll boudas
  8 hell rats
  2 iguanas
  9 orc wizards
  11 gnolls
  6 adders
  A shadow imp (D:6)
  A white imp (D:7)
  3 ufetubi
  2 worms
  12 dart slugs
  48 orcs
  6 endoplasms
  2 giant cockroaches
  3 goblins
  8 hobgoblins
  15 jackals
  3 quokkas
  3 ball pythons
  6 bats
  3 frilled lizards
  A goblin zombie (D:10)
  9 kobolds
  A kobold skeleton (D:10)
  A kobold zombie (D:10)
  7 rats
759 creatures vanquished.

Vanquished Creatures (others)
  A centaur warrior (D:14)
  2 wizards
  A manticore (Shoals:2)
  A merfolk (Shoals:1)
  A dream sheep (Shoals:2)
  A water elemental (Shoals:1)
  4 humans (D:14)
  A quokka (D:5)
  A ball python (D:3)
  24 fungi
  20 plants
57 creatures vanquished.

Grand Total: 816 creatures vanquished

Notes
Turn   | Place    | Note
-------+----------+-------------------------------------------
     0 | D:1      | Jaakounette the Spriggan Brigand began the quest for the
                  | Orb.
     0 | D:1      | Reached XP level 1. HP: 10/10 MP: 2/2
   162 | D:1      | Reached XP level 2. HP: 11/14 MP: 3/3
   315 | D:1      | Reached skill level 2 in Dodging
   773 | D:1      | Reached XP level 3. HP: 6/18 MP: 4/4
  1081 | D:2      | Reached skill level 3 in Dodging
  1531 | D:3      | Reached XP level 4. HP: 23/23 MP: 5/5
  1533 | D:3      | Identified the +1 ring mail "Kozawk" {rC+}
  1609 | D:3      | Found an ancient bone altar of Kikubaaqudgha.
  1861 | D:3      | You fall into a shaft and drop 1 floor!
  2367 | D:4      | Noticed a scorpion
  2373 | D:4      | Killed a scorpion
  2374 | D:4      | Reached skill level 4 in Dodging
  2374 | D:4      | Reached XP level 5. HP: 26/26 MP: 6/6
  2464 | D:4      | Noticed a hornet
  2709 | D:4      | Reached skill level 5 in Short Blades
  2736 | D:4      | Reached XP level 6. HP: 18/30 MP: 7/7
  3066 | D:4      | Found a sacrificial altar of Ru.
  3094 | D:4      | Reached skill level 5 in Dodging
  3305 | D:4      | Killed a hornet
  3306 | D:4      | Reached skill level 6 in Dodging
  3306 | D:4      | Reached XP level 7. HP: 21/35 MP: 8/8
  3560 | D:5      | Entered Level 5 of the Dungeon
  3838 | D:5      | Found a burning altar of Makhleb.
  4141 | D:5      | Found a staircase to the Ecumenical Temple.
  4248 | D:5      | Reached skill level 7 in Dodging
  4248 | D:5      | Reached XP level 8. HP: 39/39 MP: 9/9
  4255 | D:5      | Noticed Blork the orc
  4259 | D:5      | Killed Blork the orc
  4347 | D:5      | Found a white marble altar of Elyvilon.
  4968 | Temple   | Entered the Ecumenical Temple
  4975 | Temple   | Became a worshipper of Dithmenos the Shadowed
  5113 | D:6      | Noticed Grinder
  5115 | D:6      | Killed Grinder
  5116 | D:6      | Reached skill level 8 in Dodging
  5127 | D:6      | Noticed Sigmund
  5155 | D:6      | Killed Sigmund
  5302 | D:6      | Identified a scroll of acquirement
  5302 | D:6      | Acquired a +2 quick blade of venom
  5731 | D:6      | Reached skill level 9 in Dodging
  5740 | D:6      | Found an ornate altar of the Wu Jian Council.
  5832 | D:6      | Reached XP level 9. HP: 36/45 MP: 10/10
  6357 | D:7      | Found a bloodstained altar of Trog.
  6359 | D:7      | Noticed a wizard
  6366 | D:7      | Killed a wizard
  6632 | D:7      | Noticed Joseph
  6656 | D:7      | Killed Joseph
  6657 | D:7      | Reached skill level 10 in Dodging
  6731 | D:7      | Acquired a +5 rapier of draining
  6757 | D:7      | Reached * piety under Dithmenos
  7143 | D:8      | Noticed Grum
  7148 | D:8      | Killed Grum
  7164 | D:8      | Reached skill level 11 in Dodging
  7293 | D:8      | Noticed a two-headed ogre
  7311 | D:9      | Found a glowing golden altar of the Shining One.
  7315 | D:9      | Reached skill level 5 in Fighting
  7315 | D:9      | Reached skill level 10 in Short Blades
  7354 | D:9      | Found a radiant altar of Vehumet.
  7509 | D:9      | Noticed a komodo dragon
  7542 | D:9      | Killed a komodo dragon
  7556 | D:9      | Reached XP level 10. HP: 44/51 MP: 11/11
  7599 | D:9      | Found a staircase to the Lair.
  7606 | D:9      | Reached skill level 12 in Dodging
  7684 | D:9      | Identified the +9 dagger of the Firefly {drain, rF+ rN+
                  | SInv}
  7815 | D:9      | Found Waq Bogu's Jewellery Shoppe.
  8419 | D:8      | Found a broken altar of Ashenzari.
  8463 | D:8      | Killed a two-headed ogre
  8464 | D:8      | Reached skill level 13 in Dodging
  9095 | D:10     | Entered Level 10 of the Dungeon
  9119 | D:10     | Reached ** piety under Dithmenos
  9190 | D:10     | Noticed a tengu warrior
  9197 | D:10     | Killed a tengu warrior
  9296 | D:10     | Found a runed translucent door.
  9298 | D:10     | Found a basalt altar of Yredelemnul.
  9337 | D:10     | Reached XP level 11. HP: 49/58 MP: 12/12
  9424 | D:10     | Noticed a boulder beetle
  9457 | D:10     | Killed a boulder beetle
  9458 | D:10     | Reached skill level 14 in Dodging
  9525 | D:10     | Found a staircase to the Orcish Mines.
  9639 | D:10     | Noticed a two-headed ogre
  9644 | D:10     | Killed a two-headed ogre
  9817 | D:11     | Found a hazy altar of Hepliaklqana.
 10039 | D:11     | Noticed a boulder beetle
 10041 | D:11     | Killed a boulder beetle
 10042 | D:11     | Reached skill level 1 in Armour
 10097 | D:11     | Reached *** piety under Dithmenos
 10313 | D:11     | Noticed a two-headed ogre
 10320 | D:11     | Killed a two-headed ogre
 10726 | D:12     | Noticed a boulder beetle
 10731 | D:12     | Killed a boulder beetle
 10732 | D:12     | Reached skill level 15 in Dodging
 10732 | D:12     | Reached skill level 1 in Shields
 10870 | D:12     | Noticed a two-headed ogre
 10894 | D:12     | Killed a two-headed ogre
 11060 | D:12     | Found a runed translucent door.
 11062 | D:12     | Noticed a +2 demon blade of draining
 11064 | D:12     | Noticed a +0 demon whip of draining
 11064 | D:12     | Noticed a +0 demon trident of pain
 11086 | D:12     | Noticed a deep elf pyromancer
 11091 | D:12     | Noticed a deep elf pyromancer
 11093 | D:12     | Noticed Rupert
 11238 | D:12     | Noticed a two-headed ogre
 11245 | D:12     | Killed a two-headed ogre
 11246 | D:12     | Reached XP level 12. HP: 64/64 MP: 13/13
 12271 | D:12     | Paralysed by Rupert for 2 turns
 12386 | D:12     | Paralysed by Rupert for 3 turns
 12440 | D:12     | Killed Rupert
 12441 | D:12     | Reached skill level 16 in Dodging
 12687 | D:13     | Noticed a centaur warrior
 12691 | D:13     | Killed a centaur warrior
 12775 | D:13     | Noticed a centaur warrior
 12805 | D:13     | Killed a centaur warrior
 12889 | D:13     | Noticed a centaur warrior
 12892 | D:13     | Noticed a boulder beetle
 12896 | D:13     | Killed a centaur warrior
 12993 | D:13     | Found a portal to a secret trove of treasure.
 13044 | D:13     | Noticed a vault guard
 13049 | D:13     | Noticed a vault guard
 13132 | D:13     | Killed a boulder beetle
 13250 | D:13     | Noticed a centaur warrior
 13261 | D:13     | Killed a centaur warrior
 13292 | D:13     | Noticed a vault guard
 13301 | D:13     | Noticed an ogre mage
 13314 | D:13     | Killed a vault guard
 13314 | D:13     | Reached **** piety under Dithmenos
 13322 | D:13     | Killed an ogre mage
 13328 | D:13     | Acquired 971 gold pieces
 13354 | D:13     | Killed a vault guard
 13388 | D:13     | Killed a vault guard
 13389 | D:13     | Reached XP level 13. HP: 53/72 MP: 14/14
 13399 | D:13     | Reached skill level 10 in Fighting
 13457 | D:13     | Found a gate to the Vaults.
 13462 | D:13     | Reached skill level 17 in Dodging
 13647 | D:14     | Noticed Kirke
 13667 | D:14     | Noticed a sphinx
 13668 | D:14     | Killed Kirke
 13785 | D:15     | Entered Level 15 of the Dungeon
 14683 | D:14     | Reached skill level 15 in Short Blades
 15706 | D:15     | Reached skill level 18 in Dodging
 16256 | D:15     | Found a staircase to the Depths.
 16276 | D:15     | an anaconda changed into an ettin
 16276 | D:15     | Noticed an ettin (glowing shapeshifter)
 17013 | Lair:1   | Entered Level 1 of the Lair of Beasts
 17075 | Lair:1   | Noticed Amaemon
 17103 | Lair:1   | Killed Amaemon
 17360 | Lair:1   | Found a gate leading to a gauntlet.
 17370 | Lair:1   | Reached XP level 14. HP: 79/79 MP: 15/15
 17437 | Lair:1   | Identified the +8 dagger of Nuyckar {spect, +Blink Str+6}
 17964 | Lair:2   | Reached ***** piety under Dithmenos
 18846 | Lair:3   | Found a staircase to the Shoals.
 19026 | Lair:3   | Found a staircase to the Snake Pit.
 19491 | Lair:3   | Reached skill level 19 in Dodging
 20090 | Lair:4   | Got Ummoti's Tome of Darkness
 20334 | Lair:4   | Got the Precepts of Frozen Geology
 20473 | Lair:4   | Found a staircase to the Slime Pits.
 20602 | Lair:5   | Entered Level 5 of the Lair of Beasts
 22380 | Snake:1  | Entered Level 1 of the Snake Pit
 22479 | Snake:1  | Reached skill level 20 in Dodging
 22770 | Snake:1  | Reached XP level 15. HP: 85/85 MP: 16/16
 23590 | Snake:2  | Reached ****** piety under Dithmenos
 23876 | Snake:2  | Noticed Vashnia
 23952 | Snake:1  | Killed Vashnia
 24350 | Snake:2  | Reached skill level 21 in Dodging
 25069 | Snake:3  | Noticed Jorgrun
 25297 | Snake:3  | Killed Jorgrun
 25485 | Snake:3  | Noticed Mlioglotl
 25513 | Snake:3  | Killed Mlioglotl
 25897 | Snake:3  | Reached XP level 16. HP: 62/93 MP: 17/17
 25908 | Snake:4  | Entered Level 4 of the Snake Pit
 26360 | Snake:4  | Identified the +3 falchion "Orb Guardian's Doom" {venom,
                  | rN++ Will-}
 26617 | Snake:4  | Reached skill level 22 in Dodging
 28857 | Snake:4  | Reached skill level 23 in Dodging
 28897 | Snake:4  | Got a serpentine rune of Zot
 29966 | Shoals:1 | Entered Level 1 of the Shoals
 29966 | Shoals:1 | Found Emeqythe's Book Boutique.
 30306 | Shoals:1 | Reached skill level 15 in Fighting
 30451 | Shoals:1 | Reached XP level 17. HP: 68/99 MP: 18/18
 32046 | Shoals:2 | Reached skill level 24 in Dodging
 32934 | Shoals:3 | Noticed Polyphemus
 32961 | Shoals:4 | Entered Level 4 of the Shoals
 33082 | Shoals:4 | Noticed Ilsuiw
 33191 | Shoals:3 | HP: 1/99 [catoblepas[Polyphemus] (7)]
 33192 | Shoals:3 | Hit by a catoblepas thrown by Polyphemus

Illustrated notes

Levels and vault maps discovered:
D:1:      dpeg_arrival_pits, layout_loops_cross, serial_park_tiny_pond
D:2:      layout_loops_ring, minmay_small_reverse_x
D:3:      layout_rooms, nicolae_kikubaaqudgha_miasma_corner,
          minmay_misc_feat_ornament
D:4:      layout_basic, nicolae_ru_the_path_less_chosen, grunt_ministairs_12,
          minmay_small_thing
D:5:      kennysheep_slugbush, layout_basic, elyvilon_altar_4,
          mainiacjoe_overflow_cross_hatched, minmay_temple_entry_ruins,
          kennysheep_pointless_box, uniq_blork_the_orc
D:6:      layout_basic, overflow_temple_1_default, hangedman_minor_gate_pass,
          uniq_sigmund, uniq_grinder
D:7:      statuecave_lemuel, layout_basic, trog_wizard, due_unseen_surprise,
          uniq_joseph
D:8:      layout_loops_cross, ashenzari_conservatory_becter, uniq_grum
D:9:      layout_small_grid, minitemple, grunt_lair_entry_orc_guard_hut,
          serial_shops, nicolae_shop_advertising_works
          [nicolae_subvault_shop_adworks], lemuel_flame_loot_1
D:10:     layout_roguey, dk_yredelemnul_ordeal, hiddenorc1_lemuel,
          nzn_sisyphean_effort
D:11:     layout_stronghold, hangedman_decor_clover_reticule,
          nicolae_hepliaklqana_hazy_memory
D:12:     layout_grid_maze, minmay_misc_feat_alley, nicolae_sextant,
          nicolae_danse_macabre, uniq_rupert
D:13:     layout_basic, grunt_vaults_entry_fortified, enter_trove_1
D:14:     layout_basic, minmay_misc_feat_enclosed, uniq_kirke
D:15:     hangedman_depths_entry_try_elsewhere_first, layout_cave_pools,
          portal_ice_cave_entry_pillars_2, minivault_26, patterned_corridor
Temple:   nicolae_temple_x_marks_the_god
Lair:1:   layout_gridlike, gauntlet_entry_generic, lemuel_fruit_fields,
          uniq_amaemon
Lair:2:   layout_cave_pods
Lair:3:   layout_cave_pods, shoals_dummy_entry,
          minmay_snake_entry_guardpost_small, infiniplex_staircase_pool_2,
          serial_bayou_shore_b, grunt_megastairs_3
Lair:4:   layout_big_grid, minmay_slime_entry_oklob_open, serial_bayou_pond_b
Lair:5:   grunt_lair_end_beastmaster, layout_cave_pods, special_room
          [special_room_mythical_zoo]
Shoals:1: layout_shoals, serial_shops,
          nicolae_shop_temple_entry_statues_fountains,
          hangedman_shoals_cup_caves
Shoals:2: layout_shoals, nicolae_shoals_circle_sea_wall
Shoals:3: layout_shoals, uniq_polyphemus
Shoals:4: shoals_end_simple, layout_shoals, shoal_ilsuiw, uniq_louise
Snake:1:  layout_chambers
Snake:2:  layout_misc_corridors, uniq_vashnia
Snake:3:  layout_grid_shapes, uniq_jorgrun, uniq_mlioglotl
Snake:4:  snake_pit_salamanders_mu, layout_onion_interference,
          guppyfry_library_mini

Skill      XL: |  1  2  3  4  5  6  7  8  9 10 11 12 13 14 15 16 17 |
---------------+----------------------------------------------------+-----
Stealth        | 6 |  6.0
Dodging        | 2 3 4 6 7 9 11 13 15 16 18 20 21 23 24 | 24.6
Short Blades   | 3 4 5 6 7 9 10 11 12 14 15 16 18 19 | 19.9
Fighting       | 2 3 5 6 7 9 11 12 14 15 | 15.5
Armour         | 2 |  2.1
Shields        | 1 |  1.5
Throwing       | |  2.1

Action                   |  1- 3 |  4- 6 |  7- 9 | 10-12 | 13-15 | 16-18 || total
-------------------------+-------+-------+-------+-------+-------+-------++-------
Melee: Dagger            |   119 |   101 |   184 |       |       |       ||   404
       Punch             |     2 |     1 |     5 |     3 |       |       ||    11
       Quick blade       |       |       |    96 |       |       |       ||    96
       Rapier            |       |       |    64 |   388 |  1316 |  1149 ||  2917
Throw: Dart              |     1 |     3 |    17 |    89 |    12 |     1 ||   123
  Use: Scroll            |       |       |    16 |     7 |    21 |     9 ||    53
       Potion            |       |       |       |       |    10 |     7 ||    17
 Stab: Sleeping          |    20 |    13 |    19 |    23 |    33 |    20 ||   128
       Distracted        |       |     1 |       |     2 |     8 |    17 ||    28
       Petrified         |       |       |       |       |     1 |       ||     1
       Invisible         |       |       |       |       |     2 |       ||     2
Armor: Robe              |    23 |     9 |    10 |       |       |       ||    42
       Animal skin       |       |       |       |     6 |       |       ||     6
       Troll leather arm |       |       |       |     8 |    47 |    33 ||    88
Dodge: Dodged            |   111 |    51 |   238 |   338 |   921 |  1187 ||  2846
Block: Buckler           |       |       |       |    71 |   372 |   396 ||   839
       Reflection        |       |       |       |    18 |    29 |    33 ||    80

Table legend: (Time is in decaauts)
 A = Elapsed time spent in this place.
 B = Non-inter-level travel time spent in this place.
 C = Inter-level travel time spent in this place.
 D = Time resting spent in this place.
 E = Time spent auto-exploring this place.
 F = Levels seen in this place.
 G = Mean time per level.
                   A        B        C        D        E       F      G
               +--------+--------+--------+--------+--------+-----+--------+
         Total |  22833 |  20721 |   2112 |   2934 |  11178 |  29 |  787.3 |
       Dungeon |  11545 |  10691 |    854 |   1153 |   6371 |  15 |  769.7 |
        Temple |      9 |      2 |      7 |      0 |      0 |   1 |    9.0 |
          Lair |   3874 |   3157 |    717 |    366 |   2016 |   5 |  774.8 |
        Shoals |   2413 |   2304 |    109 |    245 |    945 |   4 |  603.2 |
     Snake Pit |   4989 |   4566 |    423 |   1169 |   1845 |   4 | 1247.2 |
               +--------+--------+--------+--------+--------+-----+--------+

Top non-repeatable levels by time:
 Snake:4: 1960 daAuts
    D:12: 1340 daAuts
    D:14: 1313 daAuts
Shoals:1: 1254 daAuts
 Snake:3: 1214 daAuts
  Lair:3: 1153 daAuts
    D:15: 1015 daAuts
 Snake:1: 968 daAuts
Shoals:2: 938 daAuts
     D:4: 924 daAuts
     D:5: 908 daAuts
  Lair:2: 878 daAuts
 Snake:2: 846 daAuts
  Lair:5: 840 daAuts
     D:6: 782 daAuts
